 Dungeon Sprint DCSS version 0.26-a0-1132-ge9770dfcb6 (webtiles) character file.

Game seed: 5434742582984133800

6768 mhtbhm the Impaler (level 11, -1/98 HPs)
             Began as a Human Berserker on Dec 20, 2020.
             Was the Champion of Trog.
             Slain by a dire elephant (13 damage)
             ... in the Dungeon (Sprint IX: "|||||||||||||||||||||||||||||").
             The game lasted 00:02:08 (1366 turns).

mhtbhm the Impaler (Human Berserker)                Turns: 1366, Time: 00:02:08

Health: -1/98      AC: 22    Str: 21    XL:     11   Next: 24%
Magic:  11/11      EV: 16    Int:  8    God:    Trog [******]
Gold:   34         SH:  0    Dex: 12    Spells: 10/10 levels left

rFire    . . .     SeeInvis .   l - +2 halberd (protect)
rCold    . . .     Faith    .   (shield currently unavailable)
rNeg     . . .     Spirit   .   b - +1 chain mail
rPois    .         Reflect  .   (no helmet)
rElec    .         Harm     .   (no cloak)
rCorr    .         Rampage  .   n - +0 pair of gloves
Will     .....     NoTele   +   m - +0 pair of boots
Stlth    ..........             (no amulet)
HPRegen  0.26/turn              o - +2 ring of evasion
MPRegen  0.12/turn              p - +2 ring of evasion

@: protection aura, berserk cooldown, slowed, very slow
A: no striking features
a: Renounce Religion, Berserk, Trog's Hand, Brothers in Arms


You were in the Dungeon.
You worshipped Trog.
Trog was exalted by your worship.
You visited 1 branch You collected 34 gold pieces.

Inventory:

Hand Weapons
 a - a +0 glaive of flaming
 l - a +2 halberd of protection (weapon)
Armour
 b - a +1 chain mail (worn)
 m - a +0 pair of boots (worn)
 n - a +0 pair of gloves (worn)
Jewellery
 o - a +2 ring of evasion (left hand)
 p - a +2 ring of evasion (right hand)
Wands
 k - a wand of acid (6)
Scrolls
 h - 3 scrolls of blinking
 j - 4 scrolls of remove curse
 r - 2 scrolls of identify
 s - 2 scrolls of enchant weapon
Potions
 c - 5 potions of curing
 d - 7 potions of heal wounds
 e - 2 potions of haste
 f - 4 potions of magic
 g - a potion of berserk rage
 i - a potion of invisibility
 q - a potion of might
 t - a potion of mutation


   Skills:
 + Level 13.0 Fighting
 + Level 17.9 Polearms
 + Level 9.1 Armour
 + Level 9.1 Dodging
 + Level 2.1 Evocations


You had 10 spell levels left.
You didn't know any spells.
Your spell library was empty.

Dungeon Overview and Level Annotations

Branches:
Dungeon (1/1)

Altars:
Cheibriados
Dithmenos
Elyvilon
Fedhas
Gozag
Hepliaklqana
Kikubaaqudgha
Makhleb
Nemelex Xobeh
Okawaru
Qazlal
Ru
Sif Muna
Trog
Uskayaw
Vehumet
Wu Jian
Xom
Yredelemnul
Zin
The Shining One
Beogh
Jiyva
Lugonu


Message History

The dire elephant trunk-slaps you but does no damage.
You hit the dire elephant.
The dire elephant is moderately wounded.
The dire elephant tramples you but does no damage.
The dire elephant trunk-slaps you but does no damage.
You hit the dire elephant but do no damage.
The dire elephant is moderately wounded.
The dire elephant closely misses you.
The dire elephant trunk-slaps you but does no damage.
You hit the dire elephant.
The dire elephant is moderately wounded.
The dire elephant tramples you!
You stumble backwards!
You hit the dire elephant.
The dire elephant is moderately wounded.
The dire elephant tramples you!!
* * * LOW HITPOINT WARNING * * *
You stumble backwards!
Unknown command.
The dire elephant tramples you!
You die...

▓▓▓▓▓▓▓▓▓▓▓▓▓▓▓▓▓▓▓▓▓▓▓▓▓▓▓▓▓▓▓▓▓
_______________________'.?)..(...
▓▓▓▓▓▓▓▓▓▓▓▓▓▓▓▓▓▓▓▓▓▓▓▓▓▓▓▓▓▓▓▓▓
.................................
▓▓▓▓▓▓▓▓▓▓▓▓▓▓▓▓▓▓▓▓▓▓▓▓▓▓▓▓▓▓▓▓▓
.†)†........)÷..@YY.YY†'......
▓▓▓▓▓▓▓▓▓▓▓▓▓▓▓▓▓▓▓▓▓▓▓▓▓▓▓▓▓▓


You could see a dire elephant (corroded) and 3 elephants.

Vanquished Creatures
  A dire elephant (D)
  A boulder beetle (D)
  An unseen horror (D)
  An ugly thing (D)
  2 black mambas (D)
  3 elephants (D)
  3 komodo dragons (D)
  A polar bear (D)
  2 blink frogs (D)
  4 water moccasins (D)
  2 black bears (D)
  2 wolves (D)
  2 centaurs (D)
  A big kobold (D)
  2 bullfrogs (D)
  A hound (D)
  A jelly (D)
  A worker ant (D)
  An ufetubus (D)
  An adder skeleton (D)
  2 leopard geckos (D)
  An orc (D)
  A giant cockroach (D)
  A goblin (D)
  A kobold (D)
  A ball python zombie (D)
  2 bats (D)
  A frilled lizard (D)
43 creatures vanquished.

Notes
Turn   | Place    | Note
-------+----------+-------------------------------------------
     0 | D        | mhtbhm the Human Berserker began the quest for the Orb.
     0 | D        | Reached XP level 1. HP: 18/18 MP: 1/1
    14 | D        | Reached ** piety under Trog
    20 | D        | Reached XP level 2. HP: 22/25 MP: 2/2
    59 | D        | Reached skill level 4 in Polearms
    61 | D        | Reached *** piety under Trog
    79 | D        | Reached **** piety under Trog
    80 | D        | Reached XP level 3. HP: 17/30 MP: 3/3
    86 | D        | Found a roughly hewn altar of Beogh.
    86 | D        | Found a snail-covered altar of Cheibriados.
    86 | D        | Found a shadowy altar of Dithmenos.
    86 | D        | Found a white marble altar of Elyvilon.
    86 | D        | Found a blossoming altar of Fedhas.
    86 | D        | Found an opulent altar of Gozag.
    87 | D        | Found a hazy altar of Hepliaklqana.
    88 | D        | Found a viscous altar of Jiyva.
    89 | D        | Found an ancient bone altar of Kikubaaqudgha.
    90 | D        | Found a corrupted altar of Lugonu.
    91 | D        | Found a burning altar of Makhleb.
    92 | D        | Found a sparkling altar of Nemelex Xobeh.
    93 | D        | Found an iron altar of Okawaru.
    94 | D        | Found a stormy altar of Qazlal.
    95 | D        | Found a sacrificial altar of Ru.
    96 | D        | Found a shimmering blue altar of Sif Muna.
    97 | D        | Found a bloodstained altar of Trog.
    98 | D        | Found a hide-covered altar of Uskayaw.
    99 | D        | Found a radiant altar of Vehumet.
   100 | D        | Found an ornate altar of the Wu Jian Council.
   101 | D        | Found a shimmering altar of Xom.
   102 | D        | Found a basalt altar of Yredelemnul.
   103 | D        | Found a glowing silver altar of Zin.
   104 | D        | Found a glowing golden altar of the Shining One.
   257 | D        | Noticed a black bear
   257 | D        | Noticed a centaur
   257 | D        | Noticed a centaur
   257 | D        | Noticed a big kobold
   260 | D        | Killed a black bear
   261 | D        | Reached skill level 5 in Fighting
   261 | D        | Reached skill level 6 in Polearms
   261 | D        | Reached XP level 4. HP: 40/40 MP: 4/4
   261 | D        | Reached XP level 5. HP: 46/46 MP: 5/5
   264 | D        | Killed a centaur
   265 | D        | Reached skill level 8 in Polearms
   267 | D        | Reached XP level 6. HP: 53/53 MP: 6/6
   271 | D        | Reached skill level 9 in Polearms
   271 | D        | Reached skill level 5 in Dodging
   282 | D        | Reached skill level 10 in Polearms
   282 | D        | Reached XP level 7. HP: 43/62 MP: 7/7
   470 | D        | Noticed a boulder beetle
   470 | D        | Noticed a cyan ugly thing
   484 | D        | Reached ***** piety under Trog
   499 | D        | Killed a boulder beetle
   500 | D        | Reached skill level 12 in Polearms
   500 | D        | Reached skill level 5 in Armour
   500 | D        | Reached XP level 8. HP: 47/71 MP: 8/8
   501 | D        | Killed an unseen horror
   502 | D        | Reached skill level 10 in Fighting
   502 | D        | Reached skill level 14 in Polearms
   502 | D        | Reached XP level 9. HP: 46/78 MP: 9/9
   505 | D        | Killed a cyan ugly thing
   505 | D        | Received a gift from Trog
   897 | D        | Noticed a black mamba
   897 | D        | Noticed a komodo dragon
   897 | D        | Noticed a blink frog
   905 | D        | Noticed a polar bear
   908 | D        | Killed a black mamba
   908 | D        | Noticed a komodo dragon
   909 | D        | Reached skill level 15 in Polearms
   913 | D        | Killed a blink frog
   918 | D        | Killed a komodo dragon
   919 | D        | Reached XP level 10. HP: 87/87 MP: 10/10
   923 | D        | Reached skill level 1 in Evocations
   937 | D        | Reached skill level 16 in Polearms
   939 | D        | Killed a komodo dragon
   939 | D        | Received a gift from Trog
  1094 | D        | Noticed a black mamba
  1094 | D        | Noticed a komodo dragon
  1111 | D        | Killed a black mamba
  1115 | D        | Killed a komodo dragon
  1115 | D        | Reached ****** piety under Trog
  1126 | D        | Received a gift from Trog
  1129 | D        | Reached skill level 17 in Polearms
  1286 | D        | Noticed an elephant
  1299 | D        | Killed an elephant
  1334 | D        | Noticed an elephant
  1334 | D        | Noticed a dire elephant
  1334 | D        | Noticed an elephant
  1334 | D        | Noticed an elephant
  1334 | D        | Noticed a dire elephant
  1334 | D        | Noticed an elephant
  1347 | D        | Killed a dire elephant
  1348 | D        | Reached XP level 11. HP: 96/96 MP: 11/11
  1354 | D        | Killed an elephant
  1358 | D        | Killed an elephant
  1358 | D        | Noticed an elephant
  1366 | D        | Slain by a dire elephant

Illustrated notes

Levels and vault maps discovered:
D:        linesprint [early_d, line_temple, items_1, d_10, items_2, lair_1,
          lair_end, items_3, orc_1, orc_end, items_4, d_15, swamp_1, shoals_1,
          snake_1, spider_1, d_20, vaults_1, items_5, swamp_end, shoals_end,
          snake_end, spider_end, vaults_end, d_27, items_6, zot_1, zot_end,
          crypt_end, forest_end, elf_end, slime_end, tomb_end, abyss_end,
          pan_hell_end]

Skill      XL: |  1  2  3  4  5  6  7  8  9 10 11 |
---------------+----------------------------------+-----
Polearms       | 4 6 8 10 12 14 15 17 | 17.9
Fighting       | 4 5 6 8 9 10 11 12 13 | 13.0
Armour         | 3 4 5 6 7 8 9 |  9.1
Dodging        | 4 5 6 7 8 9 |  9.1
Evocations     | 1 2 |  2.1

Action                   |  1- 3 |  4- 6 |  7- 9 | 10-12 || total
-------------------------+-------+-------+-------+-------++-------
Melee: Spear             |    38 |       |       |       ||    38
       Halberd           |     2 |    17 |    52 |    99 ||   170
Invok: Berserk           |     2 |       |     2 |     2 ||     6
Evoke: Wand              |       |       |     2 |     2 ||     4
Armor: Animal skin       |     9 |       |       |       ||     9
       Chain mail        |     2 |     4 |    22 |    27 ||    55
Dodge: Dodged            |    27 |    14 |    21 |    36 ||    98

Table legend: (Time is in decaauts)
 A = Elapsed time spent in this place.
 B = Non-inter-level travel time spent in this place.
 C = Inter-level travel time spent in this place.
 D = Time resting spent in this place.
 E = Time spent auto-exploring this place.
 F = Levels seen in this place.
 G = Mean time per level.
                   A        B        C        D        E       F      G
               +--------+--------+--------+--------+--------+-----+--------+
         Total |   1360 |   1360 |      0 |    857 |    138 |   1 | 1360.0 |
       Dungeon |   1360 |   1360 |      0 |    857 |    138 |   1 | 1360.0 |
               +--------+--------+--------+--------+--------+-----+--------+

Top non-repeatable levels by time:
       D: 1360 daAuts
